 Dungeon Crawl Stone Soup version 0.24.0-123-gd5b16e6ec5 (webtiles) character file.

Game seed: 5577832436833752351, levelgen mode: deterministic

182 Delamore the Chopper (level 5, 0/41 HPs)
             Began as a Formicid Fighter on Jan 6, 2020.
             Succumbed to Eustachio's poison
             ... on level 4 of the Dungeon.
             The game lasted 00:02:42 (2349 turns).

Delamore the Chopper (Formicid Fighter)             Turns: 2349, Time: 00:02:43

Health: 0/41       AC:  8    Str: 22    XL:     5   Next: 93%
Magic:  1/1        EV:  8    Int: 12    God:
Gold:   82         SH:  9    Dex: 10    Spells: 4/4 levels left

rFire    . . .     SeeInvis +   t - +0 hand axe (antimagic)
rCold    . . .     Gourm    .   c - +0 shield
rNeg     . . .     Faith    .   b - +0 scale mail
rPois    .         Spirit   .   (helmet unavailable)
rElec    .         Reflect  .   (no cloak)
rCorr    .         Harm     .   (no gloves)
MR       .....                  u - +0 pair of boots
Stlth    ..........             (no amulet)
HPRegen  0.13/turn              g - +3 ring of slaying
MPRegen  0.07/turn              (no ring)

@: brilliant, lethally poisoned (0 -> -16)
A: permanent stasis, dig shafts and tunnels, four strong arms, antennae 3
a: Dig, Shaft Self


You were on level 4 of the Dungeon.
You were not hungry.

You visited 1 branch of the dungeon, and saw 4 of its levels.

You collected 82 gold pieces.

Inventory:

Hand Weapons
 a - a +0 war axe
 t - a +0 antimagic hand axe (weapon)
Missiles
 l - a throwing net (quivered)
Armour
 b - a +0 scale mail (worn)
 c - a +0 shield (worn)
 u - a +0 pair of boots (worn)
Jewellery
 g - a +3 ring of slaying (left hand)
 q - an uncursed amulet of regeneration
 r - an uncursed ring of fire
 s - an uncursed amulet of the acrobat {unknown}
Scrolls
 e - 2 scrolls of blinking {unknown}
 h - 2 scrolls of noise {unknown}
 i - a scroll of fog {unknown}
 j - a scroll of enchant weapon {unknown}
 m - 4 scrolls of remove curse {unknown}
 p - 2 scrolls of identify {unknown}
 v - a scroll of amnesia {unknown}
Potions
 d - a potion of might
 k - 2 potions of brilliance
 n - 2 potions of curing {unknown}
 o - a potion of degeneration {unknown}
 w - 2 potions of haste {unknown}
Comestibles
 f - 5 rations


   Skills:
 - Level 3.2 Fighting
 + Level 5.6 Axes
 - Level 3.2 Armour
 - Level 3.6 Shields


You had 4 spell levels left.
You didn't know any spells.
Your spell library was empty.

Dungeon Overview and Level Annotations

Branches:
Dungeon (4/15)
 Temple: D:4-7

Altars:
Gozag
Makhleb
Ru

Annotations:
D:4 Eustachio


Innate Abilities, Weirdness & Mutations

You cannot be hasted, slowed, berserked, paralysed or teleported.
You can dig through walls and to a lower floor.
Your four strong arms can wield two-handed weapons with a shield.
You have a pair of large antennae on your head. (SInv)


Message History

You feel sick. Eustachio barely misses you.
You closely miss Eustachio.
Eustachio is almost dead.
* * * LOW HITPOINT WARNING * * *
You feel sick. You block Eustachio's attack.
You closely miss Eustachio.
Eustachio is almost dead.
* * * LOW HITPOINT WARNING * * *
You feel sick.
Eustachio falters for a moment.
Okay, then.
Your shield and scale mail prevent you from hitting Eustachio.
Eustachio is almost dead.
* * * LOW HITPOINT WARNING * * *
You feel sick.
Eustachio hits you with a +1 rapier of venom.
* * * LOW HITPOINT WARNING * * *
You are more poisoned.
It was a potion of brilliance.
You feel clever all of a sudden.
You die...

+# ####.#
##....#
##.....#####
##..........#
####.........#.
.............#.#
####....@@......
##........#.#
#......#.#
#.....##.#
#...... .
########


You could see Eustachio.

Vanquished Creatures
  An orc wizard (D:3)
  3 gnolls (D:3)
  Robin (D:2)
  3 adders
  2 worms
  3 dart slugs
  2 leopard geckos (D:2)
  6 orcs (D:3)
  7 bats
  4 giant cockroaches
  10 goblins
  11 hobgoblins
  A quokka (D:3)
  A ball python (D:2)
  2 frilled lizards
  2 kobolds
  5 rats
64 creatures vanquished.

Notes
Turn   | Place    | Note
-------+----------+-------------------------------------------
     0 | D:1      | Delamore the Formicid Fighter began the quest for the Orb.
     0 | D:1      | Reached XP level 1. HP: 18/18 MP: 1/1
   109 | D:1      | Reached XP level 2. HP: 21/24 MP: 2/2
   258 | D:1      | Reached skill level 3 in Axes
   647 | D:2      | Found a sacrificial altar of Ru.
   661 | D:2      | Reached XP level 3. HP: 29/29 MP: 3/3
   717 | D:2      | Found an opulent altar of Gozag.
   816 | D:2      | Noticed Robin
   819 | D:2      | Reached skill level 4 in Axes
   819 | D:2      | Reached XP level 4. HP: 30/35 MP: 4/4
   823 | D:2      | Killed Robin
  1226 | D:3      | Reached XP level 5. HP: 40/41 MP: 5/5
  1422 | D:3      | Reached skill level 5 in Axes
  1521 | D:3      | HP: 1/41 [orc wizard/magic dart (8)]
  1965 | D:3      | Found a burning altar of Makhleb.
  1967 | D:3      | Noticed a cacodemon
  2326 | D:4      | Noticed Eustachio
  2348 | D:4      | HP: 2/41 [Eustachio/+1 rapier of venom (3)]
  2349 | D:4      | Succumbed to Eustachio's poison

Levels and vault maps discovered:
D:1:      dpeg_arrival_water_altar, layout_rooms
D:2:      layout_basic, grunt_gozag_breadcrumbs, old_standard_altar, uniq_robin
D:3:      layout_loops_cross, makhleb_altar_promises_db, first_ration
D:4:      layout_loops_corners, zin_angel, lemuel_round_altar, uniq_menkaure,
          uniq_eustachio

Skill      XL: |  1  2  3  4  5 |
---------------+----------------+-----
Axes           | 3 4 5 |  5.6
Fighting       | |  3.2
Armour         | |  3.2
Shields        | |  3.6

Action                   |  1- 3 |  4- 6 || total
-------------------------+-------+-------++-------
Melee: War axe           |    57 |    92 ||   149
       Hand axe          |       |    29 ||    29
  Use: Potion            |       |     1 ||     1
  Eat: Chunk             |       |     5 ||     5
Armor: Scale mail        |    19 |    55 ||    74
Dodge: Dodged            |    15 |    32 ||    47
Block: Shield            |    18 |    60 ||    78
